 Dungeon Crawl Stone Soup version 0.28-a0-779-g3d1f99b579 (webtiles) character file.

Game seed: 3200398655428672261

7225 pokeman the Thaumaturge (level 10, -3/56 HPs)
             Began as a Deep Elf Hedge Wizard on Nov 1, 2021.
             Was a Believer of Vehumet.
             Slain by a vampire (6 damage)
             ... on level 9 of the Dungeon on Nov 2, 2021.
             The game lasted 00:31:05 (13536 turns).

pokeman the Thaumaturge (Deep Elf Hedge Wizard)    Turns: 13536, Time: 00:31:06

Health: -3/56      AC:  7    Str: 14    XL:     10   Next: 88%
Magic:  30/30      EV: 13    Int: 29    God:    Vehumet [**....]
Gold:   256        SH:  0    Dex: 14    Spells: 25/37 levels left

rFire   + . .      SeeInvis .   m - +0 arbalest
rCold   . . .      Faith    .   (shield currently unavailable)
rNeg    . . .      Spirit   .   K - +0 troll leather armour
rPois   .          Reflect  .   A - +0 helmet
rElec   +          Harm     .   (no cloak)
rCorr   +          Rampage  .   l - +0 pair of gloves
Will    .....                   (no boots)
Stlth   +.........              (no amulet)
HPRegen 1.18/turn               p - ring of Yleoha {rElec rF+ Will- rCorr Str+7 Stlth-}
MPRegen 0.22/turn               E - +6 ring of intelligence

@: studying Bows
A: no striking features
a: Renounce Religion


You were on level 9 of the Dungeon.
You worshipped Vehumet.
Vehumet was pleased with you.
You visited 2 branches of the dungeon, and saw 11 of its levels.
You visited the Abyss 1 time.

You collected 533 gold pieces.
You spent 277 gold pieces at shops.

Inventory:

Hand Weapons
 m - a +0 arbalest (weapon)
 r - a +0 shortbow
 s - the +11 long sword "Modakhli" {speed, rPois Str+7 Dex-4}
   (You took it off a centaur on level 4 of the Dungeon)

   Attacks with this weapon are significantly faster.
   Str:       It affects your strength (+7).
   Dex:       It affects your dexterity (-4).
   rPois:     It protects you from poison.
Missiles
 a - 198 arrows
 h - 31 bolts (quivered ammo)
 o - 6 throwing nets
 q - 5 curare-tipped darts
Armour
 l - a +0 pair of gloves (worn)
 A - a +0 helmet (worn)
 K - a +0 troll leather armour (worn)
Jewellery
 b - a ring of fire
 p - the ring of Yleoha (left hand) {rElec rF+ Will- rCorr Str+7 Stlth-}
   (You found it on level 9 of the Dungeon)

   [ring of protection from fire]

   Str:       It affects your strength (+7).
   rF:        It protects you from fire.
   rElec:     It insulates you from electricity.
   rCorr:     It protects you from acid and corrosion.
   Will:      It decreases your willpower.
   Stlth:     It makes you less stealthy.
 t - a ring of resist corrosion
 C - a ring of flight
 E - a +6 ring of intelligence (right hand)
Wands
 n - a wand of flame (10)
Scrolls
 c - a scroll of fog
 f - 2 scrolls of brand weapon
 g - 5 scrolls of teleportation
 i - 2 scrolls of holy word
 j - a scroll of vulnerability {unknown}
 v - 2 scrolls of enchant weapon {unknown}
 x - a scroll of fear {unknown}
 y - 2 scrolls of enchant armour
 z - 2 scrolls of magic mapping
 D - a scroll of summoning {unknown}
 F - a scroll of silence {unknown}
 H - 2 scrolls of immolation {unknown}
 I - 2 scrolls of noise
 L - a scroll of blinking
Potions
 d - 7 potions of curing
 e - 4 potions of heal wounds
 k - 2 potions of degeneration {unknown}
 u - 3 potions of mutation {unknown}
 w - a potion of lignification {unknown}
 B - a potion of ambrosia {unknown}
 G - a potion of flight {unknown}
 J - 2 potions of cancellation {unknown}


   Skills:
 + Level 3.7 Fighting
 - Level 4.1 Armour
 - Level 4.1 Dodging
 - Level 3.1 Stealth
 * Level 14.3 Spellcasting
 + Level 8.3 Conjurations
 - Level 1.1 Summonings
 - Level 1.1 Translocations
 + Level 7.2 Fire Magic
 - Level 1.2 Air Magic
 - Level 1.3 Poison Magic
 - Level 1.0 Evocations


You had 25 spell levels left.
You knew the following spells:

 Your Spells              Type           Power      Damage    Failure   Level
a - Magic Dart            Conj           100%       1d8       1%          1
b - Mephitic Cloud        Conj/Pois/Air  41%        N/A       1%          3
c - Call Imp              Summ           27%        N/A       2%          2
d - Blink                 Tloc           54%        N/A       2%          2
e - Conjure Flame         Conj/Fire      60%        6-21      1%          3
f - Shock                 Conj/Air       100%       1d9       1%          1

Your spell library contained the following spells:

 Spells                   Type           Power      Damage    Failure   Level
 Summon Small Mammal      Summ           100%       N/A       1%          1
 Searing Ray              Conj           100%       2d8       1%          2
 Inner Flame              Hex/Fire       41%        N/A       1%          3
 Beastly Appendage        Tmut           40%        N/A       3%          1
 Pain                     Necr           80%        1d8       3%          1
 Slow                     Hex            80%        N/A       3%          1
 Ensorcelled Hibernation  Hex/Ice        40%        N/A       4%          2
 Wereblood                Tmut           20%        N/A       4%          2
 Call Canine Familiar     Summ           27%        N/A       5%          3
 Fulminant Prism          Conj/Hex       22%        3d13      5%          4
 Spider Form              Tmut/Pois      24%        N/A       7%          3
 Summon Guardian Golem    Hex/Summ       23%        N/A       7%          3
 Tukima's Dance           Hex            20%        N/A       9%          3
 Cause Fear               Hex            10%        N/A       28%         4
 Agony                    Necr           20%        N/A       63%         5
 Excruciating Wounds      Necr           10%        N/A       63%         5
 Discord                  Hex            10%        N/A       100%        8


Dungeon Overview and Level Annotations

Branches:
Dungeon (10/15)            Temple (1/1) D:5
   Lair: D:8-11         Orc: D:9-12

Altars:
Ashenzari
Cheibriados
Elyvilon
Hepliaklqana
Kikubaaqudgha
Nemelex Xobeh
Qazlal
Sif Muna
Vehumet
Yredelemnul
Zin

Shops:
D:1 *   D:3 [   D:5 ?   D:9 *

Portals:
Abyss: D:5

Annotations:
D:5 2 transporters, iamoutofideas's ghost, amateur GnWr


Message History

You feel less confused.
Fire: 32 bolts
Press: ? - help, Q - select action, (/) - cycle Shift-Dir - straight line You shoot a bolt.
You are confused.
Unknown command.
You are more confused.
You bump into the rock wall.
You hear some strange, mumbled words.
Something tries to affect you, but you resist.
A vampire appears from thin air!
Reactivating autopickup.
The vampire gestures at you while chanting.
You are more confused.
The vampire mumbles some strange words.
The vampire flickers and vanishes!
Deactivating autopickup; reactivate with Ctrl-A.
Something hits you! Something bites you!
Something draws strength from your injuries!
Something hits you! Something bites you but does no damage.
You bump into the rock wall.
Something barely misses you. Something bites you!
Something draws strength from your injuries!
Something hits you. Something bites you!
* * * LOW HITPOINT WARNING * * *
Something draws strength from your injuries!
You bump into the rock wall.
Something hits you.
* * * LOW HITPOINT WARNING * * *
Something bites you.
* * * LOW HITPOINT WARNING * * *
Something draws strength from your injuries!
You bump into the rock wall.
Something hits you but does no damage. Something bites you.
* * * LOW HITPOINT WARNING * * *
Something draws strength from your injuries!
You bump into the rock wall.
You feel less confused. Something hits you.
* * * LOW HITPOINT WARNING * * *
Something bites you.
You die...

#...>..######.#...#.....#....#.
#.............#...#.....#....#.
#.............#...#.....#....#.
#.............#####.....#'####.
#........>.....................
###............................
#.........................[..
##.................##'##.....
#..........@......#...#.....
#...########......#...#.....
#...#......#......#...######
#...#......#......#........#
#...#......#......#.........
#...###''###......#...(....9
#.................'((.(#####
#####.............#....#...<
#.............#....#....


There were no monsters in sight!

Vanquished Creatures
  A two-headed ogre (D:9)
  A wizard (D:8)
  2 cyclopes
  2 gargoyles
  A troll (D:9)
  A wraith (D:9)
  A flying skull (D:8)
  A wyvern (D:8)
  An acid dragon (D:8)
  2 water moccasins
  A hornet zombie (D:6)
  2 black bears
  An orc warrior (D:6)
  A sky beast (D:5)
  An ice beast (D:8)
  2 necrophages
  3 ogres
  8 centaurs
  A phantom (D:6)
  2 kobold brigands
  3 bullfrogs
  3 wyvern zombies
  A gnoll sergeant (D:6)
  2 scorpions
  A water moccasin skeleton (D:6)
  6 killer bees (D:9)
  A howler monkey (D:8)
  A bullfrog zombie (D:6)
  3 bullfrog skeletons
  A gnoll shaman (D:9)
  5 hounds
  3 orc priests
  5 iguanas
  A scorpion zombie (D:5)
  Jessica (D:2)
  Terence (D:3)
  3 orc wizards
  A killer bee zombie (D:8)
  12 gnolls
  6 adders
  A white imp (D:3)
  An ufetubus (D:7)
  A worm (D:2)
  2 dart slugs
  19 orcs
  8 ball pythons
  4 endoplasms
  3 giant cockroaches
  6 hobgoblins
  3 jackals (D:1)
  3 quokkas
  5 bats
  3 frilled lizards
  6 goblins
  11 kobolds
  4 rats
175 creatures vanquished.

Vanquished Creatures (collateral kills)
  A killer bee (D:9)
1 creature vanquished.

Vanquished Creatures (others)
  A sky beast (D:6)
  2 fungi (D:10)
  A plant (D:10)
4 creatures vanquished.

Grand Total: 180 creatures vanquished

Notes
Turn   | Place    | Note
-------+----------+-------------------------------------------
     0 | D:1      | pokeman the Deep Elf Hedge Wizard began the quest for the
                  | Orb.
     0 | D:1      | Reached XP level 1. HP: 10/10 MP: 7/7
    98 | D:1      | Found a faded altar of an unknown god.
   264 | D:1      | Reached XP level 2. HP: 8/15 MP: 0/9
   959 | D:1      | Found Wufemon's Assorted Antiques.
  1581 | D:2      | Reached skill level 5 in Spellcasting
  1751 | D:2      | Reached XP level 3. HP: 20/20 MP: 5/11
  1791 | D:1      | Learned a level 3 spell: Mephitic Cloud
  1794 | D:1      | Learned a level 2 spell: Call Imp
  1797 | D:1      | Learned a level 2 spell: Blink
  1801 | D:1      | Learned a level 3 spell: Conjure Flame
  1958 | D:2      | Reached skill level 1 in Armour
  2284 | D:2      | Reached skill level 1 in Fighting
  2327 | D:2      | Reached XP level 4. HP: 17/25 MP: 0/13
  2771 | D:2      | Noticed Jessica
  2782 | D:2      | Killed Jessica
  3314 | D:3      | Reached skill level 1 in Fire Magic
  3479 | D:3      | HP: 1/25 [white imp/puff of frost (11)]
  3481 | D:3      | Reached skill level 6 in Spellcasting
  3809 | D:3      | Found Houco's Armour Shoppe.
  4225 | D:3      | Noticed Terence
  4234 | D:3      | Killed Terence
  4235 | D:3      | Reached XP level 5. HP: 29/29 MP: 9/15
  4506 | D:4      | Noticed an ogre
  4509 | D:4      | Noticed a necrophage
  4668 | D:3      | Killed a necrophage
  4669 | D:3      | Reached skill level 1 in Air Magic
  5176 | D:4      | Noticed a centaur
  5196 | D:4      | Killed a centaur
  5197 | D:4      | Reached skill level 7 in Spellcasting
  5197 | D:4      | Reached XP level 6. HP: 18/34 MP: 4/18
  5340 | D:4      | Reached skill level 1 in Poison Magic
  5684 | D:4      | Identified the +11 long sword "Modakhli" {speed, rPois
                  | Str+7 Dex-4}
  5774 | D:4      | Reached skill level 1 in Evocations
  5774 | D:4      | Reached XP level 7. HP: 17/38 MP: 4/20
  5967 | D:4      | Found a glowing silver altar of Zin.
  5967 | D:4      | Noticed an angel
  6338 | D:5      | Entered Level 5 of the Dungeon
  6398 | D:5      | Reached skill level 8 in Spellcasting
  6507 | D:5      | Found a transporter.
  6533 | D:5      | Found a one-way gate to the infinite horrors of the Abyss.
  6533 | D:5      | Noticed iamoutofideas's ghost (amateur GnWr)
  6535 | D:5      | Noticed a toenail golem
  6551 | D:5      | Found a transporter.
  6959 | D:5      | Found Omaoch's Magic Scroll Boutique.
  7081 | D:5      | Found a staircase to the Ecumenical Temple.
  7090 | Temple   | Entered the Ecumenical Temple
  7202 | Temple   | Became a worshipper of Vehumet
  7289 | D:5      | Bought a scroll of magic mapping for 35 gold pieces
  7289 | D:5      | Bought a scroll of identify for 20 gold pieces
  7289 | D:5      | Bought a scroll of teleportation for 30 gold pieces
  7289 | D:5      | Bought a scroll of magic mapping for 35 gold pieces
  7289 | D:5      | Bought a scroll of teleportation for 30 gold pieces
  7477 | D:6      | Reached XP level 8. HP: 40/44 MP: 18/22
  7612 | D:6      | Noticed a gargoyle
  7632 | D:6      | Reached skill level 9 in Spellcasting
  7701 | D:6      | Reached skill level 5 in Conjurations
  7860 | D:6      | Reached skill level 10 in Spellcasting
  8152 | D:6      | Killed a gargoyle
  8159 | D:6      | Reached XP level 9. HP: 36/48 MP: 12/25
  8531 | D:6      | Reached * piety under Vehumet
  8531 | D:6      | Offered knowledge of Sandblast by Vehumet.
  8555 | D:6      | Reached skill level 11 in Spellcasting
  9192 | D:6      | Reached skill level 5 in Fire Magic
 10303 | D:7      | Reached skill level 12 in Spellcasting
 10377 | D:8      | Noticed a wizard
 10385 | D:8      | Cast into level 3 of the Abyss (a wizard)
 10386 | Abyss:3  | Upgraded the game from 0.28-a0-773-g130ae17fe5 to
                  | 0.28-a0-779-g3d1f99b579
 10428 | D:8      | Escaped the Abyss
 10438 | D:8      | Killed a wizard
 10444 | D:8      | Reached XP level 10. HP: 43/53 MP: 18/28
 10957 | D:8      | Noticed a cyclops
 10971 | D:8      | Killed a cyclops
 10972 | D:8      | Reached skill level 13 in Spellcasting
 11167 | D:8      | Offered knowledge of Shock by Vehumet.
 11170 | D:8      | Learned a level 1 spell: Shock
 11291 | D:8      | Reached ** piety under Vehumet
 11647 | D:9      | Noticed a cyclops
 11663 | D:9      | Killed a cyclops
 12147 | D:9      | Noticed a gargoyle
 12616 | D:9      | Noticed a two-headed ogre
 12657 | D:9      | Killed a two-headed ogre
 12676 | D:9      | Reached skill level 14 in Spellcasting
 12777 | D:9      | Identified the ring of Yleoha {rElec rF+ Will- rCorr Str+7
                  | Stlth-}
 12875 | D:9      | Killed a gargoyle
 13294 | D:9      | Found Qauzag's General Store.
 13304 | D:9      | Bought a scroll of blinking for 112 gold pieces
 13304 | D:9      | Bought a scroll of noise for 15 gold pieces
 13462 | D:10     | Entered Level 10 of the Dungeon
 13469 | D:10     | Noticed a gargoyle
 13536 | D:9      | Slain by a vampire

Illustrated notes

Levels and vault maps discovered:
D:1:      dpeg_arrival_tiny_b, layout_basic, serial_shops, shop_statue,
          hellmonk_ecumenical_altar_run_dry, grunt_decor_arrowhead
D:2:      layout_basic, kennysheep_potato, uniq_jessica
D:3:      layout_basic, serial_shops, nicolae_shop_stone,
          minmay_misc_feat_rugged, uniq_terence
D:4:      layout_loops_ring, zin_angel, minmay_manual_mares
D:5:      layout_basic, minmay_temple_entry_poolview,
          gammafunk_ghost_abyssal_escape, serial_shops,
          nicolae_shop_window_shopping
D:6:      minmay_chambers_of_threes, layout_basic, minmay_joined_circles
D:7:      layout_loops_ring, amcnicky_mini_pool_small
D:8:      cheibrodos_wizards_tower, layout_loops_corners, eino_tiny_chamber,
          minmay_circle_x
D:9:      layout_irregular_city, serial_shops, nicolae_lakefront_shop
D:10:     layout_long_grid, due_lair_maze_entry_diamond, david_orc_2,
          uniq_erolcha, uniq_harold
Temple:   roderic_octagonal_lattice_temple

Skill      XL: |  1  2  3  4  5  6  7  8  9 10 |
---------------+-------------------------------+-----
Spellcasting   | 5 6 7 8 10 12 14 | 14.3
Armour         | 1 2 4 |  4.1
Fighting       | 1 2 3 |  3.7
Conjurations   | 2 3 4 5 7 8 |  8.3
Fire Magic     | 1 2 4 5 7 |  7.2
Dodging        | 3 4 |  4.1
Air Magic      | 1 |  1.2
Poison Magic   | 1 |  1.3
Evocations     | 1 |  1.0
Stealth        | 3 |  3.1
Summonings     | |  1.1
Translocations | |  1.1

Action                   |  1- 3 |  4- 6 |  7- 9 | 10-12 || total
-------------------------+-------+-------+-------+-------++-------
Melee: Dagger            |    17 |    16 |       |       ||    33
       Long sword        |       |       |    93 |    54 ||   147
 Fire: Arbalest          |       |       |       |     7 ||     7
 Cast: Magic Dart        |   103 |   112 |   104 |    60 ||   379
       Mephitic Cloud    |     1 |     7 |    24 |    22 ||    54
       Conjure Flame     |       |     5 |    18 |    20 ||    43
       Call Imp          |       |     3 |     7 |     2 ||    12
       Blink             |       |     1 |     2 |     2 ||     5
       Shock             |       |       |       |    26 ||    26
Evoke: Wand              |       |       |     1 |    41 ||    42
  Use: Scroll            |       |       |     6 |       ||     6
 Stab: Confused          |       |     2 |     7 |     4 ||    13
       Paralysed         |       |       |     4 |       ||     4
Armor: Robe              |     6 |     2 |       |       ||     8
       Leather armour    |       |     7 |    26 |     4 ||    37
       Troll leather arm |       |       |       |    10 ||    10
Dodge: Dodged            |    35 |    25 |    63 |    34 ||   157

Table legend: (Time is in decaauts)
 A = Elapsed time spent in this place.
 B = Non-inter-level travel time spent in this place.
 C = Inter-level travel time spent in this place.
 D = Time resting spent in this place.
 E = Time spent auto-exploring this place.
 F = Levels seen in this place.
 G = Mean time per level.
                   A        B        C        D        E       F      G
               +--------+--------+--------+--------+--------+-----+--------+
         Total |  13528 |  13040 |    488 |   1819 |   9157 |  12 | 1127.3 |
       Dungeon |  13349 |  12884 |    465 |   1819 |   9061 |  10 | 1334.9 |
        Temple |    136 |    113 |     23 |      0 |     96 |   1 |  136.0 |
         Abyss |     42 |     42 |      0 |      0 |      0 |   1 |   42.0 |
               +--------+--------+--------+--------+--------+-----+--------+

Top non-repeatable levels by time:
     D:6: 2091 daAuts
     D:1: 1692 daAuts
     D:9: 1670 daAuts
     D:3: 1642 daAuts
     D:2: 1517 daAuts
     D:4: 1483 daAuts
     D:8: 1447 daAuts
     D:5: 977 daAuts
     D:7: 811 daAuts
  Temple: 136 daAuts
 Abyss:3: 42 daAuts
    D:10: 14 daAuts
